 Dungeon Crawl Stone Soup version 0.17-a0-1150-g17b0b87 (webtiles) character file.

144 Kisielow the Chiller (level 5, -7/35 HPs)
             Began as a Merfolk Ice Elementalist on May 27, 2015.
             Killed by nerve-wracking pain
             ... invoked by Grinder
              (8 damage)
             ... on level 3 of the Dungeon.
             The game lasted 00:09:17 (3132 turns).

Kisielow the Chiller (Merfolk Ice Elementalist)     Turns: 3132, Time: 00:09:17

Health: -7/35      AC:  3    Str:  8    XL:     5   Next: 26%
Magic:  8/8        EV: 12    Int: 14    God:
Gold:   103        SH:  0    Dex: 16    Spells: 2 memorised, 4 levels left

rFire  . . .     SeeInvis .     o - +0 trident
rCold  + . .     Clarity  .     l - +0 leather armour
rNeg   . . .     SustAt   .     (no shield)
rPois  .         Gourm    .     (no helmet)
rElec  .         Spirit   .     (no cloak)
rCorr  .         Warding  .     (no gloves)
rMut   .         Stasis   .     (no boots)
MR     .....                    (no amulet)
Stlth  ++........               p - ring of ice
                                k - ring of protection from fire

@: not resistant to hostile enchantments, unstealthy
A: change form in water, swift swim
a: no special abilities


You were on level 3 of the Dungeon.
You were not hungry.

You visited 1 branch of the dungeon, and saw 3 of its levels.

You collected 103 gold pieces.

Inventory:

Hand weapons
 o - a +0 trident (weapon)
Armour
 l - a +0 leather armour (worn)
Jewellery
 k - a ring of protection from fire (left hand)
 p - a ring of ice (right hand)
Scrolls
 e - 2 scrolls of remove curse {unknown}
 f - 4 scrolls of identify {unknown}
 j - a scroll of magic mapping {unknown}
 m - a scroll of amnesia {unknown}
 n - a scroll of enchant weapon {unknown}
Books
 b - a book of Frost

   Spells                             Type                      Level
   a - Freeze                         Ice                          1
   b - Throw Frost                    Conjuration/Ice              2
   c - Ozocubu's Armour               Charms/Ice                   3
   d - Throw Icicle                   Conjuration/Ice              4
   e - Summon Ice Beast               Ice/Summoning                4
   f - Condensation Shield            Ice                          4
Comestibles
 a - a chunk of flesh
 c - 3 bread rations
 d - a meat ration


   Skills:
 * Level 2.2 Polearms
 - Level 2.6 Dodging
 - Level 2.1 Stealth
 - Level 2.0 Spellcasting
   Level 0.7 Conjurations
 - Level 3.0 Charms
 - Level 5.0 Ice Magic


You had 4 spell levels left.
You knew the following spells:

 Your Spells              Type           Power        Failure   Level  Hunger
a - Freeze                Ice            ###.         4%          1    ##.....
q - Ozocubu's Armour      Chrm/Ice       ###.....     21%         3    ####...


Dungeon Overview and Level Annotations

Branches:
Dungeon (3/15)

Altars:
Qazlal
Ru

Annotations:
D:3 Grinder


Message History

You resist with significant effort. Ijyb hits you but does no damage.
Grinder says, "You look like you could use a good racking."
Grinder hits you.
* * * LOW HITPOINT WARNING * * *
You writhe in agony.
* * * LOW HITPOINT WARNING * * *
Ijyb barely misses you.
You aren't carrying any potions.
Read which item? (? for menu, Esc to quit)
Okay, then.
You hit Ijyb.
You kill Ijyb!
Your Polearms skill gained 2 levels and is now at level 2!
Grinder hits you.
* * * LOW HITPOINT WARNING * * *
You writhe in agony.
* * * LOW HITPOINT WARNING * * *
Grinder gestures at you. Pain shoots through your body!
You die...

........###.#.#..##.#.#
#.#
###..##.###.#.#.###.#.##
#.#
#.......#.#..........###.#
#..##.....#...........##.#
#..#..#...#..###.##......#
#..#..#.........<##..#####
#.....#...##.###.##..#
#............##......#
#....##..@#####..##..#
#..#.##)..# #..##..#
#####[.#..#.5.# #..##..#
#.h.......#...#####..##.##
#hg......(#%....÷....##÷#
#b........#.....###..##.#
#####.....#...### ...##.#
#§.....#.... #..##.#
............. ...##.#


You could see Grinder.

Vanquished Creatures
  Ijyb (D:3)
  Natasha (D:3)
  2 adders (D:3)
  An ooze (D:2)
  3 worms
  2 giant geckos (D:2)
  6 bats
  A giant cockroach (D:1)
  8 goblins
  6 hobgoblins
  10 kobolds
  3 giant newts
  3 jackals (D:3)
  2 quokkas (D:2)
  10 rats
59 creatures vanquished.

Notes
Turn   | Place    | Note
--------------------------------------------------------------
     0 | D:1      | Kisielow the Merfolk Ice Elementalist began the quest for the Orb.
     0 | D:1      | Reached XP level 1. HP: 13/13 MP: 3/3
   242 | D:1      | Reached XP level 2. HP: 19/19 MP: 0/5
   353 | D:1      | Reached skill level 4 in Ice Magic
  1018 | D:1      | Reached XP level 3. HP: 24/24 MP: 4/6
  1023 | D:1      | Learned a level 3 spell: Ozocubu's Armour
  1908 | D:2      | Reached skill level 5 in Ice Magic
  2030 | D:2      | Found a sacrificial altar of Ru.
  2288 | D:2      | Found a stormy altar of Qazlal.
  2331 | D:2      | Reached skill level 1 in Charms
  2331 | D:2      | Reached XP level 4. HP: 30/30 MP: 7/7
  2602 | D:3      | Noticed Natasha
  2602 | D:3      | Noticed Ijyb
  2648 | D:3      | Killed Natasha
  3090 | D:3      | Reached XP level 5. HP: 32/35 MP: 8/8
  3093 | D:3      | Noticed Grinder
  3130 | D:3      | Killed Ijyb
  3130 | D:3      | HP: 1/35 [Grinder (1)]
  3132 | D:3      | Killed from afar by Grinder

Vault maps used:
D:1:      lightli_arrival_statue_moat
D:2:      nicolae_overflow_hidden_temple, first_bread,
          nicolae_ru_the_path_less_chosen
D:3:      uniq_natasha, uniq_iyjb, uniq_grinder

Action                   |  1- 3 |  4- 6 || total
-------------------------+-------+-------++-------
Melee: Short sword       |    24 |       ||    24
       Trident           |    35 |   110 ||   145
 Cast: Freeze            |    46 |     6 ||    52
       Ozocubu's Armour  |     3 |     2 ||     5
  Use: Potion            |       |     2 ||     2
       Scroll            |       |     1 ||     1
 Stab: Sleeping          |     3 |     2 ||     5
       Distracted        |       |     1 ||     1
  Eat: Chunk             |     6 |     1 ||     7
       Meat ration       |       |     1 ||     1
